AoeStats
← Rexan_

Fortress

508985215Analyzed
2v2 RM · 9d ago on Sep 25, 2026· 60m 59s· 4 players
Game mode
Random Map
Map size
Normal (6 player)
Population
200
Speed
Normal
Resources
Standard
Victory
Conquest
Starting age
Dark Age
Ending age
Imperial Age
RankedLock teamsTeams togetherTeam positionsShared explorationLock speedFull tech treeHidden civsTurbo modeCheats
Victory
Defeat
🇲🇽 Burgundians · Mexico
1099
+17
🇲🇽 Byzantines · Mexico
1086
+17
🇷🇺 Portuguese · Russia
1121
-17
🇷🇺 Maya · Russia
1107
-17
Limoneto
7:45 Feudal Age
11:38 Castle Age
10:02 Double-Bit Axe
10:01 Horse Collar
10:16 Gold Mining
11:18 Stone Mining
12:56 Bow Saw
19:16 Husbandry
20:18 Scale Barding Armor
21:11 Forging
25:27 Wheelbarrow
24:38 Loom
27:31 Chain Barding Armor
27:47 Iron Casting
27:54 Scale Mail Armor
35:29 Imperial Age
33:17 Hand Cart
34:54 Elite Skirmisher
34:54 Crossbowman
35:53 Chain Mail Armor
35:38 Padded Archer Armor
35:29 Fletching
36:33 Cavalier
39:04 Chemistry
38:45 Leather Archer Armor
38:25 Bodkin Arrow
39:06 Plate Barding Armor
39:01 Plate Mail Armor
39:27 Ballistics
40:15 Paladin
41:07 Heavy Plow
42:10 Two-Man Saw
41:12 Bracer
41:43 Ring Archer Armor
55:46 Thumb Ring
55:02 Arbalester
adrian_182s
2:52 Loom
3:36 Double-Bit Axe
3:31 Horse Collar
7:38 Feudal Age
6:52 Gold Mining
6:55 Stone Mining
12:27 Castle Age
10:55 Bow Saw
11:17 Heavy Plow
12:30 Stone Shaft Mining
14:09 Husbandry
14:15 Light Cavalry
34:07 Wheelbarrow
34:33 Cavalier
37:40 Gold Shaft Mining
37:50 Forging
39:18 Scale Barding Armor
40:56 Iron Casting
41:23 Chain Barding Armor
41:49 Hand Cart
43:24 Burgundian Vineyards
44:34 Two-Man Saw
44:04 Crop Rotation
44:43 Guilds
47:57 Imperial Age
50:14 Blast Furnace
52:32 Plate Barding Armor
52:07 Paladin
52:41 Arrowslits
54:16 Scale Mail Armor
57:56 Masonry
58:49 Chemistry
58:11 Ballistics
58:00 Elite Coustillier
Rexan_
7:27 Feudal Age
11:18 Castle Age
9:16 Double-Bit Axe
10:43 Loom
24:47 Horse Collar
26:02 Wheelbarrow
29:49 Bow Saw
34:05 Heavy Plow
36:46 Imperial Age
34:13 Stone Mining
38:38 Hand Cart
37:49 Elite Organ Gun
38:27 Town Watch
41:10 Gold Mining
42:00 Pikeman
42:43 Scale Mail Armor
43:08 Conscription
44:38 Chemistry
43:46 Siege Engineers
43:43 Halberdier
44:40 Chain Mail Armor
47:49 Plate Mail Armor
47:29 Forging
49:23 Circumnavigation
49:24 Arquebus
53:08 Two-Man Saw
54:38 Masonry
54:09 Treadmill Crane
54:52 Ballistics
54:49 Fortified Wall
54:35 Murder Holes
54:25 Treadmill Crane
54:55 Masonry
59:46 Arson
59:47 Gambesons
lokki202
7:20 Feudal Age
11:09 Castle Age
9:03 Fletching
9:31 Double-Bit Axe
11:05 Padded Archer Armor
14:04 Bodkin Arrow
19:47 Bow Saw
25:40 Ballistics
25:19 Loom
32:02 Leather Archer Armor
38:23 Imperial Age
35:49 Horse Collar
41:20 Two-Man Saw
43:09 Elite Plumed Archer
45:02 Bracer
47:54 Conscription
57:50 Pikeman
59:11 Ring Archer Armor
58:45 Scale Mail Armor
58:55 Forging
Connection lost

Rejoining the realm…

Still unreachable

The connection could not be restored.

Session expired

The server has moved on; the page needs a fresh start.